 Dungeon Sprint DCSS version 0.30-a0-305-g026cb31310 (webtiles) character file.

Game seed: 1204074998970514797

48730 mhtbhm the Tortoise (level 14, -6/147 HPs)
             Began as an Armataur Fighter on Oct 23, 2022.
             Was the Champion of Okawaru.
             Mangled by a vampire knight
             ... wielding a +0 long sword
              (16 damage)
             ... in the Dungeon (Sprint IX: "|||||||||||||||||||||||||||||").
             The game lasted 00:10:15 (5739 turns).

mhtbhm the Tortoise (Armataur Fighter)              Turns: 5739, Time: 00:10:16

Health: -6/147     AC: 36    Str: 27    XL:     14   Next: 13%
Magic:  22/25      EV:  5    Int: 11    God:    Okawaru [******]
Gold:   828        SH: 15    Dex:  5    Spells: 13/13 levels left

rFire   + . .      SeeInvis +    a - +2 morningstar (vorpal)
rCold   + + +      Faith    .    c - +2 kite shield {AC+3}
rNeg    + . .      Spirit   .    d - +1 plate armour of the Lair of Beasts {rElec rC+ Will+++}
rPois   .          Reflect  .    r - +0 helmet
rElec   +          Harm     .    A - +1 cloak
rCorr   .          Roll     +    (no gloves)
Will    ++++.      NoTele   +    l - +4 barding of the Game of Life {rC+}
Stlth   ..........               (no amulet)
HPRegen 0.44/turn                s - ring of Intercession {rF++ rN+ Int+3 Dex-5 SInv}
MPRegen 0.19/turn                y - ring of ice

@: finesse-ful
A: large, rugged brown scales 3, deformed body, armoured tail, roll, long
tongue, awkward tongue
a: Renounce Religion, Heroism, Finesse


You were in the Dungeon.
You worshipped Okawaru.
Okawaru was exalted by your worship.
You visited 1 branch You collected 1931 gold pieces.
You spent 1103 gold pieces at shops.

Inventory:

Hand Weapons
 a - a +2 vorpal morningstar (weapon)
Missiles
 q - 2 poisoned darts (quivered)
Armour
 b - a +3 chain mail
 c - a +2 kite shield of protection (worn)
 d - the +1 plate armour of the Lair of Beasts (worn) {rElec rC+ Will+++}
   (Okawaru gifted it to you in the Dungeon)

   rC:        It protects you from cold.
   rElec:     It insulates you from electricity.
   Will:      It greatly increases your willpower.
 l - the +4 barding of the Game of Life (worn) {rC+}
   (Okawaru gifted it to you in the Dungeon)

   rC:        It protects you from cold.
 r - a +0 helmet (worn)
 A - a +1 cloak (worn)
Jewellery
 n - a +3 ring of dexterity
 s - the ring of Intercession (left hand) {rF++ rN+ Int+3 Dex-5 SInv}
   (You bought it in a shop in the Dungeon)

   [ring of positive energy]

   Int:       It affects your intelligence (+3).
   Dex:       It affects your dexterity (-5).
   rF:        It greatly protects you from fire.
   rN:        It protects you from negative energy.
   SInv:      It lets you see invisible.
 w - a ring of willpower
 x - a ring of protection from cold
 y - a ring of ice (right hand)
 z - a ring of fire
Wands
 m - a wand of polymorph (13)
Scrolls
 f - 3 scrolls of enchant weapon
 k - 2 scrolls of amnesia
 p - 6 scrolls of enchant armour
 B - a scroll of identify
Potions
 e - 5 potions of curing
 g - a potion of haste
 h - 4 potions of magic
 i - a potion of invisibility
 u - 5 potions of brilliance
 v - a potion of degeneration {unknown}


   Skills:
 + Level 16.6 Fighting
 + Level 19.1 Maces & Flails
 + Level 19.2 Armour
 + Level 5.8 Dodging
 - Level 3.3 Stealth
 + Level 19.0 Shields
 * Level 15.8 Invocations
 + Level 4.4 Evocations


You had 13 spell levels left.
You didn't know any spells.
Your spell library contained the following spells:

 Spells                   Type           Power      Damage    Failure   Level
 Inner Flame              Hex/Fire       0%         N/A       100%        3
 Cause Fear               Hex            0%         N/A       100%        4
 Discord                  Hex            0%         N/A       100%        8


Dungeon Overview and Level Annotations

Branches:
Dungeon (1/1)

Altars:
Cheibriados
Dithmenos
Elyvilon
Fedhas
Gozag
Hepliaklqana
Kikubaaqudgha
Makhleb
Nemelex Xobeh
Okawaru
Qazlal
Ru
Sif Muna
Trog
Uskayaw
Vehumet
Wu Jian
Xom
Yredelemnul
Zin
The Shining One
Jiyva
Lugonu

Shops:
D [(=*


Innate Abilities, Weirdness & Mutations

You are completely covered in rugged brown scales. (AC +3, +7% HP)
Armour fits poorly on your strangely shaped body.
You have a long armoured tail.
You roll when moving toward enemies. (Rampage)
Your long tongue fully drains potion bottles. (2x potion effects)
Your tongue gives you trouble enunciating. (1.5x scroll delay)


Message History

* * * LOW HITPOINT WARNING * * *
You puncture the frost giant!
The frost giant is moderately wounded.
You puncture the frost giant!
You tail-slap the frost giant, but do no damage.
The frost giant is heavily wounded.
You block the frost giant's attack.
A vampire knight comes into view. It is wielding a +0 long sword.
Unknown command.
You completely miss the frost giant.
The frost giant is heavily wounded.
You puncture the frost giant!
The frost giant is heavily wounded.
You completely miss the frost giant.
Your tail-slap misses the frost giant.
The frost giant is heavily wounded.
The frost giant hits you with a +1 battleaxe of freezing!
* * * LOW HITPOINT WARNING * * *
The vampire knight casts a spell.
The vampire knight seems to speed up.
You hit the frost giant but do no damage.
The frost giant is heavily wounded.
You impale the frost giant!!
The frost giant is almost dead.
You bludgeon the frost giant!!
You kill the frost giant!
Okawaru accepts your kill. The ice dragon breathes frost at you.
The blast of cold hits you but does no damage.
Your Shields skill increases to level 19!
Items here: )) ††.
The vampire knight gestures at you while chanting.
The vampire knight blinks!
You block the vampire knight's attack. x2
Okay, then.
As you slowly read the scroll labelled KAKOIJ VETEO, it crumbles to dust.
The creatures around you are filled with an inner flame!
It was a scroll of immolation.
You block the vampire knight's attack.
The vampire knight bites you but does no damage.
The vampire knight hits you with a +0 long sword!
You die...

)))))).....'.........▓
▓▓▓▓▓▓▓▓▓▓▓▓▓▓▓▓▓▓▓▓▓▓
.....................▓
▓▓▓▓▓▓▓▓▓▓▓▓▓▓▓▓▓▓▓▓.▓
)....'§[....x.)......▓
▓▓▓▓▓▓▓▓▓▓▓▓▓▓▓▓▓▓▓▓▓▓
.....................▓
▓▓▓▓▓▓▓▓▓▓▓▓▓▓▓▓▓▓▓▓.▓
...'........)D)V@....▓
▓▓▓▓▓▓▓▓▓▓▓▓▓▓▓▓▓▓▓▓▓▓


You could see an ice dragon (inner flame) and a vampire knight (fast, inner
flame).

Vanquished Creatures
  A shadow dragon (D)
  Agnes (D)
  A fire giant (D)
  2 frost giants (D)
  4 very ugly things (D)
  2 stone giants (D)
  A bunyip (D)
  3 ettins (D)
  A spark wasp (D)
  Snorg (D)
  A merfolk impaler (D)
  An ice dragon (D)
  An anaconda (D)
  4 hydras (D)
  2 alligators (D)
  An alligator snapping turtle (D)
  An ogre mage (D)
  2 centaur warriors (D)
  2 jorogumos (D)
  A radroach (D)
  Erica (D)
  2 naga warriors (D)
  A tengu warrior (D)
  A naga sharpshooter (D)
  A spriggan berserker (D)
  A shock serpent (D)
  A pharaoh ant (D)
  A sea snake (D)
  A steelbarb worm (D)
  2 orb spiders (D)
  2 orc knights (D)
  A swamp dragon (D)
  3 spriggan druids (D)
  2 bog bodies (D)
  A wolf spider (D)
  2 cyclopes (D)
  An ugly thing (D)
  8 orc sorcerers (D)
  8 elephants (D)
  2 black mambas (D)
  2 naga magi (D)
  3 cane toads (D)
  Psyche (D)
  2 efreet (D)
  3 komodo dragons (D)
  A tengu conjurer (D)
  5 merfolk (D)
  A polar bear (D)
  5 yaks (D)
  A basilisk (D)
  A redback (D)
  A naga (D)
  An acid dragon (D)
  A water moccasin (D)
  8 orc warriors (D)
  A black bear (shapeshifter) (D)
  2 black bears (D)
  A boggart (D)
  A centaur (D)
  A bullfrog (D)
  A wight (D)
  A killer bee (D)
  A howler monkey (D)
  4 orc priests (D)
  2 hounds (D)
  10 orc wizards (D)
  A hell rat (D)
  An adder (D)
  7 orcs (D)
  A bat (D)
  An endoplasm (D)
  A jackal (D)
  2 kobolds (D)
  A rat (D)
151 creatures vanquished.

Vanquished Creatures (others)
  A frost giant (D)
  A tengu warrior (D)
  A shadow (D)
3 creatures vanquished.

Grand Total: 154 creatures vanquished

Notes
Turn   | Place    | Note
-------+----------+-------------------------------------------
     0 | D        | mhtbhm the Armataur Fighter began the quest for the Orb.
     0 | D        | Reached XP level 1. HP: 19/19 MP: 1/1
    55 | D        | Noticed a howler monkey
    55 | D        | Noticed a hound
    55 | D        | Noticed a hound
    60 | D        | Killed a hound
    61 | D        | Reached skill level 5 in Armour
    61 | D        | Reached XP level 2. HP: 28/28 MP: 2/2
    61 | D        | Reached XP level 3. HP: 35/35 MP: 3/3
    66 | D        | Reached skill level 5 in Shields
    72 | D        | Reached skill level 5 in Fighting
    72 | D        | Reached XP level 4. HP: 44/44 MP: 4/4
   112 | D        | Found a snail-covered altar of Cheibriados.
   112 | D        | Found a shadowy altar of Dithmenos.
   112 | D        | Found a white marble altar of Elyvilon.
   112 | D        | Found a blossoming altar of Fedhas.
   112 | D        | Found an opulent altar of Gozag.
   113 | D        | Found a hazy altar of Hepliaklqana.
   114 | D        | Found a viscous altar of Jiyva.
   115 | D        | Found an ancient bone altar of Kikubaaqudgha.
   116 | D        | Found a corrupted altar of Lugonu.
   117 | D        | Found a burning altar of Makhleb.
   118 | D        | Found a sparkling altar of Nemelex Xobeh.
   119 | D        | Found an iron altar of Okawaru.
   120 | D        | Found a stormy altar of Qazlal.
   121 | D        | Found a sacrificial altar of Ru.
   122 | D        | Found a shimmering blue altar of Sif Muna.
   123 | D        | Found a bloodstained altar of Trog.
   124 | D        | Found a hide-covered altar of Uskayaw.
   125 | D        | Found a radiant altar of Vehumet.
   126 | D        | Found an ornate altar of the Wu Jian Council.
   127 | D        | Found a shimmering altar of Xom.
   128 | D        | Found a basalt altar of Yredelemnul.
   129 | D        | Found a glowing silver altar of Zin.
   133 | D        | Became a worshipper of Warmaster Okawaru
   137 | D        | Found a glowing golden altar of the Shining One.
   196 | D        | Noticed an acid dragon
   196 | D        | Noticed a centaur
   196 | D        | Noticed a shadow
   196 | D        | Noticed a komodo dragon
   199 | D        | Reached skill level 1 in Dodging
   199 | D        | Reached XP level 5. HP: 30/52 MP: 5/5
   200 | D        | Killed a shadow
   201 | D        | Reached skill level 5 in Maces & Flails
   205 | D        | Killed a komodo dragon
   205 | D        | Reached * piety under Okawaru
   205 | D        | Reached ** piety under Okawaru
   206 | D        | Reached XP level 6. HP: 62/64 MP: 6/6
   207 | D        | Reached skill level 1 in Stealth
   207 | D        | Reached XP level 7. HP: 68/70 MP: 7/7
   513 | D        | Noticed a black mamba
   513 | D        | Noticed a centaur warrior
   513 | D        | Noticed a tengu warrior
   513 | D        | Noticed a centaur warrior
   513 | D        | Noticed an efreet
   513 | D        | a black mamba changed into a black bear
   515 | D        | Killed an efreet
   516 | D        | Reached skill level 10 in Armour
   516 | D        | Reached skill level 1 in Evocations
   517 | D        | Killed a tengu warrior
   518 | D        | Killed a centaur warrior
   518 | D        | Reached *** piety under Okawaru
   519 | D        | Reached skill level 10 in Shields
   519 | D        | Reached XP level 8. HP: 28/82 MP: 8/8
   525 | D        | Killed a centaur warrior
   526 | D        | Reached skill level 10 in Maces & Flails
   526 | D        | Reached XP level 9. HP: 54/88 MP: 9/9
   656 | D        | Noticed a komodo dragon
   656 | D        | Noticed a cane toad
   662 | D        | Killed a cane toad
   670 | D        | Killed a komodo dragon
   670 | D        | Reached **** piety under Okawaru
   672 | D        | Noticed a komodo dragon
   968 | D        | Reached ***** piety under Okawaru
   972 | D        | Killed a komodo dragon
  1097 | D        | Noticed a cane toad
  1097 | D        | Noticed a black mamba
  1097 | D        | Noticed a polar bear
  1097 | D        | Noticed a six-headed hydra
  1100 | D        | Killed a six-headed hydra
  1101 | D        | Reached skill level 10 in Fighting
  1101 | D        | Reached skill level 5 in Invocations
  1101 | D        | Reached XP level 10. HP: 67/99 MP: 13/13
  1109 | D        | Killed a black mamba
  1110 | D        | Noticed a cane toad
  1124 | D        | Killed a cane toad
  1134 | D        | Killed a cane toad
  1134 | D        | Identified the +4 barding of the Game of Life {rC+}
                  | (Okawaru gifted it to you in the Dungeon)
  1134 | D        | Received a gift from Okawaru
  1354 | D        | Noticed an elephant
  1354 | D        | Noticed an elephant
  1354 | D        | Noticed an elephant
  1354 | D        | Noticed an elephant
  1354 | D        | Noticed an elephant
  1354 | D        | Noticed an elephant
  1357 | D        | Killed an elephant
  1360 | D        | Killed an elephant
  1366 | D        | Noticed an elephant
  1369 | D        | Killed an elephant
  1375 | D        | Killed an elephant
  1385 | D        | Killed an elephant
  1393 | D        | Killed an elephant
  1394 | D        | Reached XP level 11. HP: 73/109 MP: 16/16
  1411 | D        | Reached ****** piety under Okawaru
  1649 | D        | Noticed an orc knight
  1663 | D        | Noticed an orc knight
  1670 | D        | Killed an orc knight
  1682 | D        | Killed an orc knight
  1811 | D        | Found Jyowkit's Assorted Antiques.
  1811 | D        | Noticed an orc sorcerer
  1811 | D        | Noticed an orc sorcerer
  1811 | D        | Noticed an orc sorcerer
  1811 | D        | Noticed an orc sorcerer
  1814 | D        | Killed an orc sorcerer
  1815 | D        | Reached skill level 15 in Maces & Flails
  1826 | D        | Noticed an orc sorcerer
  1947 | D        | Killed an orc sorcerer
  2131 | D        | Paralysed by an orc sorcerer for 5 turns
  2139 | D        | Killed an orc sorcerer
  2159 | D        | Killed an orc sorcerer
  2204 | D        | Killed an orc sorcerer
  2267 | D        | Found Vuezxet's Jewellery Shop.
  2267 | D        | Noticed an orc sorcerer
  2268 | D        | Found Damoudai's Antique Weapon Boutique.
  2269 | D        | Found Otaireagoe's Antique Armour Shop.
  2273 | D        | Killed an orc sorcerer
  2273 | D        | Identified the +1 barding "Tuwkurhirch" {Regen+} (Okawaru
                  | gifted it to you in the Dungeon)
  2273 | D        | Received a gift from Okawaru
  2274 | D        | Reached skill level 15 in Armour
  2274 | D        | Reached skill level 10 in Invocations
  2417 | D        | Noticed an orc sorcerer
  2418 | D        | Noticed an orc sorcerer
  2435 | D        | Killed an orc sorcerer
  2442 | D        | Killed an orc sorcerer
  2555 | D        | Bought the ring of Intercession {rF++ rN+ Int+3 Dex-5 SInv}
                  | for 445 gold pieces
  2570 | D        | Bought a scroll labelled KAKOIJ VETEO for 22 gold pieces
  2570 | D        | Bought a sedimented silvery potion for 19 gold pieces
  2570 | D        | Bought a potion of curing for 66 gold pieces
  2570 | D        | Bought a scroll of enchant weapon for 165 gold pieces
  2570 | D        | Bought 2 sedimented silvery potions for 39 gold pieces
  2589 | D        | Bought a shiny buckler for 165 gold pieces
  2602 | D        | Bought a shiny ring mail for 182 gold pieces
  2635 | D        | Noticed Erica
  2642 | D        | Killed Erica
  2658 | D        | Noticed Psyche
  2664 | D        | Killed Psyche
  2834 | D        | Noticed a four-headed hydra
  2834 | D        | Noticed an ogre mage
  2837 | D        | Noticed a tengu warrior
  2838 | D        | Killed an ogre mage
  2841 | D        | Noticed a stone giant
  2842 | D        | Killed a four-headed hydra
  2843 | D        | Reached XP level 12. HP: 110/120 MP: 18/20
  2856 | D        | Killed a stone giant
  2857 | D        | Noticed an ettin
  2860 | D        | Noticed an ettin
  2863 | D        | Killed a tengu warrior
  2863 | D        | Noticed a white very ugly thing
  2864 | D        | Noticed a frost giant
  2874 | D        | Noticed a stone giant
  2891 | D        | Killed a frost giant
  2966 | D        | Killed a white very ugly thing
  3173 | D        | Killed a stone giant
  3174 | D        | Reached skill level 5 in Dodging
  3279 | D        | Killed an ettin
  3280 | D        | Noticed a spark wasp
  3285 | D        | Killed an ettin
  3285 | D        | Received a gift from Okawaru
  3299 | D        | Killed a spark wasp
  3582 | D        | Noticed Agnes
  3610 | D        | Killed Agnes
  3795 | D        | Noticed an anaconda
  3851 | D        | Reached skill level 15 in Shields
  3986 | D        | Noticed a naga warrior
  4001 | D        | Killed an anaconda
  4008 | D        | Noticed a naga warrior
  4115 | D        | Killed a naga warrior
  4115 | D        | Received a gift from Okawaru
  4459 | D        | Killed a naga warrior
  4465 | D        | Noticed a seven-headed hydra
  4465 | D        | Noticed a four-headed hydra
  4468 | D        | Reached XP level 13. HP: 132/132 MP: 22/22
  4504 | D        | HP: 1/133 [alligator (17)]
  4566 | D        | Noticed a bunyip
  4840 | D        | Killed a bunyip
  4882 | D        | Reached skill level 15 in Fighting
  5098 | D        | Identified the +1 plate armour of the Lair of Beasts {rElec
                  | rC+ Will+++} (Okawaru gifted it to you in the Dungeon)
  5098 | D        | Received a gift from Okawaru
  5143 | D        | Noticed a merfolk impaler
  5194 | D        | Killed a merfolk impaler
  5504 | D        | Noticed Snorg
  5510 | D        | Killed Snorg
  5555 | D        | Noticed a purple very ugly thing
  5555 | D        | Noticed a purple very ugly thing
  5555 | D        | Noticed an ettin
  5555 | D        | Noticed a purple very ugly thing
  5614 | D        | Killed a brown very ugly thing
  5615 | D        | Reached skill level 15 in Invocations
  5659 | D        | Killed a purple very ugly thing
  5662 | D        | Noticed a shadow dragon
  5665 | D        | Noticed a frost giant
  5666 | D        | Killed a cyan very ugly thing
  5684 | D        | Killed an ettin
  5698 | D        | Killed a shadow dragon
  5699 | D        | Reached XP level 14. HP: 74/146 MP: 25/25
  5701 | D        | Noticed a fire giant
  5708 | D        | Killed a frost giant
  5711 | D        | Noticed a frost giant
  5724 | D        | Killed a fire giant
  5729 | D        | Noticed a vampire knight
  5732 | D        | HP: 7/147 [frost giant/+1 battleaxe of freezing (7)]
  5735 | D        | Killed a frost giant
  5739 | D        | Mangled by a vampire knight

Illustrated notes

Levels and vault maps discovered:
D:        linesprint [early_d, line_temple, items_1, d_10, items_2, lair_1,
          lair_end, items_3, orc_1, orc_end, items_4, d_15, swamp_1, shoals_1,
          snake_1, spider_1, d_20, vaults_1, items_5, swamp_end, shoals_end,
          snake_end, spider_end, vaults_end, d_27, items_6, zot_1, zot_end,
          crypt_end, forest_end, elf_end, slime_end, tomb_end, abyss_end,
          pan_hell_end]

Skill      XL: |  1  2  3  4  5  6  7  8  9 10 11 12 13 14 |
---------------+-------------------------------------------+-----
Maces & Flails | 2 3 4 6 7 9 10 12 13 16 17 18 19 | 19.1
Fighting       | 4 5 7 8 9 10 11 12 14 16 | 16.6
Armour         | 5 6 7 9 11 13 14 15 17 19 | 19.2
Shields        | 4 5 6 8 10 11 12 13 15 18 19 | 19.0
Dodging        | 1 2 3 4 5 |  5.8
Stealth        | 1 2 3 |  3.3
Evocations     | 2 3 4 |  4.4
Invocations    | 5 7 10 13 15 | 15.8

Action                   |  1- 3 |  4- 6 |  7- 9 | 10-12 | 13-15 || total
-------------------------+-------+-------+-------+-------+-------++-------
Melee: Flail             |    35 |     7 |       |       |       ||    42
       Tailslap          |     2 |     2 |     8 |    81 |    65 ||   158
       Morningstar       |       |     5 |    49 |   466 |   297 ||   817
Invok: Finesse           |       |       |       |     1 |     1 ||     2
       Heroism           |       |       |       |     1 |       ||     1
Evoke: Wand              |       |     2 |     7 |     1 |       ||    10
  Use: Potion            |     1 |     3 |     2 |    10 |     2 ||    18
       Scroll            |       |       |       |     3 |     4 ||     7
 Stab: Invisible         |       |     2 |     1 |     5 |       ||     8
Armor: Scale mail        |    14 |     2 |       |       |       ||    16
       Chain mail        |       |     6 |    24 |   156 |    45 ||   231
       Plate armour      |       |       |       |       |    54 ||    54
Dodge: Dodged            |    11 |     3 |    16 |    43 |    41 ||   114
Block: Buckler           |     9 |     4 |     7 |       |       ||    20
       Kite shield       |       |       |    12 |   176 |   142 ||   330

Table legend: (Time is in decaauts)
 A = Elapsed time spent in this place.
 B = Non-inter-level travel time spent in this place.
 C = Inter-level travel time spent in this place.
 D = Time resting spent in this place.
 E = Time spent auto-exploring this place.
 F = Levels seen in this place.
 G = Mean time per level.
                   A        B        C        D        E       F      G
               +--------+--------+--------+--------+--------+-----+--------+
         Total |   5584 |   5584 |      0 |   2532 |    945 |   1 | 5584.0 |
       Dungeon |   5584 |   5584 |      0 |   2532 |    945 |   1 | 5584.0 |
               +--------+--------+--------+--------+--------+-----+--------+

Top non-repeatable levels by time:
       D: 5584 daAuts
